[Event "*** Titled Tuesday Blitz"]
[Site "Chess.com"]
[Date "2018.07.03"]
[Round "7"]
[White "pouya21"]
[Black "champ2005"]
[Result "1-0"]
[WhiteElo "2658"]
[BlackElo "2702"]
[TimeControl "180+2"]
[EndTime "14:34:04 PDT"]
[Termination "pouya21 won by resignation"]

1. e4 c6 2. d4 d5 3. e5 Bf5 4.
Nc3 e6 5. g4 Bg6 6. Nge2 c5 7.
h4 h5 8. Nf4 Bh7 9. g5 cxd4 10.
Nb5 Be4 11. f3 Bh7 12. Nxh5 Nc6 13. Bf4 Nge7 14. Nd6+ Kd7 15. Nxf7 Qe8 16. Nxh8 Qxh5 17. g6 Bxg6 18. Nxg6 Nxg6 19. Bg5 Ngxe5 20. f4 Qxd1+ 21.
Rxd1 Bb4+ 22. Ke2 Ng4 23. c3 dxc3 24. bxc3 Bxc3 25. Bh3 Nf6 26. Bxf6 Bxf6 27. Rxd5+ Ke7 28. Rd3 Nd4+ 29. Ke3 Nc2+ 30. Kf3 Nd4+ 31. Ke4 Nb5 32. Rc1 Rh8 33. Kf3 Rxh4 34. Kg3 Rh8 35. a4 Nd4 36. Rc7+ Kd6 37. Rxb7 a5 38. Bg4 e5 39. Ra7 exf4+ 40. Kxf4 Kc5 41. Rxa5+ Kb4 42. Ra6 Re8 43. Rxf6 gxf6 44. Rxd4+ Kc3 45. Re4 Ra8 46. Bd7 Ra7 47.
Bb5 Kb3 48. Kf5 Kc3 49. Re6 Kd4 50. Ra6 Rh7 51. Rxf6 Kc5 52. Rc6+ Kb4 53. Rc4+ Ka5 54. Ke4 Re7+ 55. Kd3 Rh7 56. Kc2 Rh2+ 57. Kb3 Rh3+ 58. Rc3 Rh4 59. Bc4 Rh1 60. Rd3 Rb1+ 61. Ka3 Ra1+ 62.
Ba2 Rh1 63. Rd5+ Kb6 64. Bb3 Rh4 65. Rb5+ Ka6 66. Rc5 Kb6 67. Rc4 Rh5 68. Kb4 Rh8 69.
Re4 Ka7 70. Bc4 Rh1 71. a5 Rb1+ 72. Kc5 Rb7 73. Re6 Rc7+ 74. Rc6 Rh7 75. Bd5 Rg7 76. Rc8 Ka6 77. Ra8+ Ra7 78. Rxa7+ Kxa7 79. Kb5 Kb8 80. Kb6 1-0

[Event "*** Titled Tuesday Blitz"]
[Site "Chess.com"]
[Date "2018.07.03"]
[Round "7"]
[White "Bauxi435"]
[Black "ahmadzada13"]
[Result "1/2-1/2"]
[WhiteElo "2426"]
[BlackElo "2494"]
[TimeControl "180+2"]
[EndTime "14:34:06 PDT"]
[Termination "Game drawn by agreement"]

1. d4 Nf6 2. c4 g6 3. Nc3 Bg7 4. e4 d6 5. Be2 O-O 6. Be3 Nbd7 7. Qd2 e5 8. d5 Nc5 9. f3 c6 10. dxc6 bxc6 11. O-O-O Qb6 12. Qxd6 Nb3+ 13. axb3 Qxe3+ 14. Kc2 Be6 15. Nh3 Rab8 16. Rd3 Qb6 17. Na4 Qa5 18. Qc5 Qc7 19. Ng5 Bc8 20. Rhd1 h6 21. Nh3 Re8 22. Qd6 Qb7 23. Rc3 Bxh3 24. gxh3 Nh5 25. Nc5 Qb4 26. Nd7 Qxd6 27. Rxd6 Rbd8 28. c5 Nf4 29. Bf1 Kh8 30. b4 Re7 31. Nb6 Rxd6 32. cxd6 Re8 33. Nc4 Rd8 34.
Re3 Bf8 35. Re1 Bxd6 36. Rd1 Bc7 37. Rxd8+ Bxd8 38. Nxe5 Kg7 39. Nxc6 Bb6 40. Na5 Bg1 41. Nc4 Bxh2 42. b5 Bg1 43. Kc3 Kf6 44. Na5 Kg5 45. Nc6 Kh4 46. Ne5 Nxh3 47. Nxf7 Nf4 48. Nxh6 Kg3 49.
e5 Kxf3 50. Bc4 Bc5 51. e6 Ke4 52. Nf7 Nd5+ 53. Kd2 Ne7 54. Nd8 Ke5 55. Bd3 g5 56.
Ke2 Kd6 57. Kf3 Kc7 58. Nf7 Bd4 59. b3 Bf6 60. Ke4 Kb6 61. Bc4 Kc5 62. Nh6 Kd6 63. Ng4 Bg7 64. Ne3 Kc7 65. Nf5 Nxf5 66. Kxf5 Bf8 67.
Kxg5 Be7+ 68. Kg6 Kd8 69. Kf7 Bb4 70. Bd5 Be7 71. Bc6 Bb4 72. Kf6 Be7+ 73. Ke5 Kc7 74. Kd5 Kb6 75. Be8 Kc7 76. Kc4 Kb6 77. b4 Kc7 78. Kb3 Kb6 79. Ka4 Bf8 80. Kb3 Be7 81. Kc4 Bf8 82. Bh5 Be7 83. Be2 Kc7 84. Kd5 Bxb4 85.
Kc4 Be7 86. Kb3 Kd6 87. Kc4 Kxe6 1/2-1/2

[Event "*** Titled Tuesday Blitz"]
[Site "Chess.com"]
[Date "2018.07.03"]
[Round "7"]
[White "GM_Huschenbeth"]
[Black "Arman_Hakemi"]
[Result "1-0"]
[WhiteElo "2505"]
[BlackElo "2298"]
[TimeControl "180+2"]
[EndTime "14:34:18 PDT"]
[Termination "GM_Huschenbeth won by resignation"]

1. e4 e5 2. Nf3 Nf6 3. d4 Nxe4 4. Bd3 d5 5. Nxe5 Nd7 6. Nc3 Nxe5 7. dxe5 Nxc3 8. bxc3 Be7 9. O-O c5 10. Qf3 O-O 11. c4 dxc4 12. Be4 Be6 13. Bxb7 Rb8 14. Bf4 Qa5 15. Be4 c3 16. h4 Rb2 17.
a3 f5 18. Bd5 Qb6 19. Bxe6+ Qxe6 20. Qxc3 Rfb8 21. h5 g5 22. hxg6 hxg6 23. Rad1 g5 24. Qg3 Qg6 25. Rd7 Re8 26. e6 Rxc2 27. Re1 c4 28. Bd6 Bf6 29. Qf3 Rd2 30. Qc6 Bd4 31.
Bc5 Bxc5 32. Rxd2 Bb6 33. Qxc4 g4 34. e7+ Kh7 35. Qe6 g3 36. Qxg6+ Kxg6 37. Re6+ Kf7 38.
Rde2 gxf2+ 39. Kf1 Bc5 40. R6e5 Bxa3 41. Rxf5+ Kg6 42. Rf8 Rxf8 43. exf8=Q Bxf8 44. Rxf2 Bc5 45. Ra2 Bb6 46. Ke2 Kf5 47. Kf3 Kg5 48. g4 Bd4 49. Ra6 Bb6 50. Ra4 Bg1 51. Ra2 Bb6 52. Rb2 Bg1 53.
Rb5+ Kg6 54. Rd5 Bb6 55. Rd6+ Kg5 56. Rd5+ Kg6 57. Rd7 Kg5 58. Rb7 Kg6 59. Kf4 Bc5 60. g5 Bb6 61. Rd7 Bc5 62. Kg4 a5 63. Rc7 Bb4 64. Rc6+ Kg7 65. Ra6 Bd2 66. Kf5 Bc3 67. Ra7+ Kg8 68. Kg6 Kf8 69. Ra8+ Ke7 70. Kh7 Kd6 71. g6 Kc6 72. Rc8+ Kb5 73. Rxc3 Kb4 74. Rh3 1-0

[Event "*** Titled Tuesday Blitz"]
[Site "Chess.com"]
[Date "2018.07.03"]
[Round "7"]
[White "Bad4life"]
[Black "Vamostodorecto"]
[Result "1/2-1/2"]
[WhiteElo "2423"]
[BlackElo "2365"]
[TimeControl "180+2"]
[EndTime "14:34:23 PDT"]
[Termination "Game drawn by agreement"]

1. e4 e6 2. d4 d5 3. Nd2 Nf6 4. e5 Nfd7 5. c3 c5 6. Bd3 Nc6 7. Ne2 cxd4 8. cxd4 f6 9. exf6 Nxf6 10. Nf3 Bd6 11. O-O O-O 12. Bf4 Nh5 13. Bxd6 Qxd6 14.
Qd2 Rxf3 15. gxf3 Bd7 16. Qe3 Rf8 17. Rac1 e5 18. Rxc6 bxc6 19. dxe5 Qe6 20. Qg5 Qh3 21. Qg2 Qh4 22. f4 Bh3 23. Qg5 Qxg5+ 24. fxg5 Bxf1 25. Kxf1 Nf4 26. Ba6 Ne6 27. h4 Rf5 28. f4 Nxf4 29.
Bc8 Ne6+ 30. Kg2 Rxe5 31. Ng3 d4 32. Bb7 Nd8 33. Ba6 Kf8 34. Kf3 Ne6 35. Bc4 Re3+ 36. Kf2 Nf4 37. Nf5 Rh3 38. Bb3 Nd3+ 39. Kg2 Nf4+ 40.
Kf2 g6 41. Nd6 Rxh4 42. Kg3 Rh3+ 43. Kxf4 Rh2 44. Nc4 Ke7 45. Ne5 Kd6 46. Nc4+ Kc5 47. Ne5 Kd6 48. Nc4+ Kc5 49. Ne5 Kb4 50. Bg8 c5 51.
Ke4 Kb5 52. Bc4+ Kb6 53. Nd3 Rg2 54. Bg8 Rxg5 55. Bxh7 Rg1 56. Kd5 a5 57. Bg8 Rg3 58.
Kc4 g5 59. Bd5 Re3 60. Nxc5 g4 61. Ne6 Re2 62. Kb3 d3 63. Bc4 g3 64. Nf4 g2 65.
Nxg2 Rxg2 66. Bxd3 Kc5 67. Ba6 Rf2 68. Ka3 Kb6 69.
Bc4 Kc5 70. Ba6 Kb6 71. Bc4 Rf3+ 72. b3 Rf2 73. Be6 Rf3 74. Bc4 Re3 75. Bd5 Rg3 76. Bc4 Re3 77. Bf7 1/2-1/2

[Event "*** Titled Tuesday Blitz"]
[Site "Chess.com"]
[Date "2018.07.03"]
[Round "7"]
[White "pulvettd"]
[Black "murmah2003"]
[Result "1/2-1/2"]
[WhiteElo "2464"]
[BlackElo "2604"]
[TimeControl "180+2"]
[EndTime "14:35:21 PDT"]
[Termination "Game drawn by repetition"]

1. d4 Nf6 2. c4 g6 3. Nf3 Bg7 4.
Nc3 O-O 5. e4 d6 6. Be2 c6 7.
O-O e5 8. Re1 exd4 9. Nxd4 Re8 10. Bf1 Nbd7 11. f3 a5 12. Be3 d5 13. exd5 cxd5 14.
cxd5 Nb6 15. Bg5 Rxe1 16. Qxe1 Nbxd5 17. Rd1 Nxc3 18. bxc3 Bd7 19. c4 Qb6 20. Be3 Re8 21.
Qd2 Ba4 22. Re1 Ng4 23. c5 Qxc5 24. Nb3 Qc3 25. fxg4 Bxb3 26. axb3 Rxe3 27. Qxc3 Rxc3 28. Re8+ Bf8 29. Ra8 Kg7 30. Bc4 Bb4 31. Kf1 b5 32. Bxb5 Rxb3 33. Ra7 Rb1+ 34. Ke2 Rb2+ 35. Kf3 Rf2+ 36.
Kxf2 Bc5+ 37. Kf3 Bxa7 38. h3 h6 39. Ke4 Kf6 40. Kf4 Bc5 41. Ba4 Bb4 42. Bb3 Ke7 43. Ke5 Bc3+ 44. Ke4 Kf6 45. Kf4 Bd2+ 46. Ke4 Bb4 47. Kf4 Kg7 48. Ke5 Kf8 49. Ke4 Ke7 50. Ke5 Kf8 51. Ke4 Ke7 52. Ke5 f6+ 53. Ke4 Kd6 54.
h4 Kc5 55. h5 gxh5 56. gxh5 Bd2 57. Kd3 Kb4 58. Kc2 Bg5 59. Be6 Kc5 60. g4 Kb4 61. Bf5 Bf4 62. Kb1 Ka3 63. Bg6 Be5 64. Bf5 Kb3 65.
Bg6 a4 66. Bf5 Ka3 67. Be6 Kb4 68. Ka2 a3 69. Bf5 Bd6 70. Bg6 Kc3 71. Bf5 Kd2 72.
Bg6 Ke3 73. Bf5 Kf4 74. Be6 Kg5 75. Bf5 Kf4 76. Bd7 Be7 77. Bf5 Bd6 78. Bd7 f5 79.
Bxf5 Kg5 80. Bd7 Be7 81. Bc8 Bb4 82. Bd7 Bf8 83. Be6 Bd6 84. Bf5 Be7 85. Be6 Bd6 86. Bf7 Be7 87. Bg6 Bd6 88. Bf5 Be7 89. Kb1 Bd6 90.
Ka2 Be7 91. Ka1 Bf6+ 92. Kb1 Be7 93. Ka2 Kf4 94. Be6 Ke3 95. Bd7 Kd3 96. Bc8 Kc3 97.
Bd7 Kd4 98. Be6 Ke5 99. Bc8 Kf4 100. Bd7 Kg5 101. Bc8 Bf8 102. Bf5 Bc5 103. Bd7 Bf8 104. Kb1 Be7 105. Ka2 Bf8 106. Ka1 Be7 107. Bf5 Bf8 108. Kb1 Be7 109. Ka2 Bf8 110. Bg6 Be7 111. Bf7 Bf8 112. Be6 Be7 113. Bd7 Bf8 114. Bc8 Be7 115. Bf5 Bf8 116. Kb3 Be7 117. Ka2 Bf8 118. Ka1 Bg7+ 119. Kb1 Bf8 120. Ka2 Be7 121. Bd7 Bf8 1/2-1/2

[Event "*** Titled Tuesday Blitz"]
[Site "Chess.com"]
[Date "2018.07.03"]
[Round "8"]
[White "ChessMavenYeti"]
[Black "Sordis"]
[Result "1-0"]
[WhiteElo "2208"]
[BlackElo "2265"]
[TimeControl "180+2"]
[EndTime "14:39:52 PDT"]
[Termination "ChessMavenYeti won by resignation"]

1. d4 Nf6 2. c4 g6 3. Nc3 Bg7 4. e4 d6 5. Nf3 O-O 6. Be2 Na6 7. O-O e5 8. Be3 Ng4 9. Bg5 Qe8 10. dxe5 dxe5 11.
c5 Nxc5 12. Nd5 Ne6 13. Be7 c6 14. Bxf8 Qxf8 15. Nc3 Nh6 16. Re1 Kh8 17. Bf1 Nd4 18.
Nxd4 exd4 19. Ne2 c5 20. Nf4 Ng4 21. Qc2 Qd6 22. g3 Be5 23. Nd5 Bg7 24. Rac1 b6 25. Bg2 Be6 26. h3 Nf6 27. e5 1-0

[Event "*** Titled Tuesday Blitz"]
[Site "Chess.com"]
[Date "2018.07.03"]
[Round "8"]
[White "Vamostodorecto"]
[Black "olksuna"]
[Result "0-1"]
[WhiteElo "2359"]
[BlackElo "2472"]
[TimeControl "180+2"]
[EndTime "14:40:55 PDT"]
[Termination "olksuna won by resignation"]

1. d4 Nf6 2. c4 e6 3. Nc3 Bb4 4. a3 Bxc3+ 5. bxc3 c5 6. f3 Qa5 7. Bd2 Nc6 8. e4 d6 9. Bd3 e5 10. Ne2 O-O 11. O-O b6 12. f4 Bg4 13. fxe5 dxe5 14.
d5 Ne7 15. Bg5 Bxe2 16. Qxe2 Ng6 17. Rxf6 gxf6 18. Bxf6 Qxc3 19. Rf1 h6 20. h4 Kh7 21. h5 Rg8 22. hxg6+ Rxg6 23. d6 Rag8 24. Rf2 Qd4 25. Qf3 Rxg2+ 26. Qxg2 Rxg2+ 27. Kxg2 Qxd3 28. Bxe5 Qxe4+ 0-1

[Event "*** Titled Tuesday Blitz"]
[Site "Chess.com"]
[Date "2018.07.03"]
[Round "8"]
[White "Roachelley"]
[Black "51616516516"]
[Result "1-0"]
[WhiteElo "2326"]
[BlackElo "2202"]
[TimeControl "180+2"]
[EndTime "14:40:57 PDT"]
[Termination "Roachelley won by resignation"]

1. d4 Nf6 2. c4 g6 3. Nc3 Bg7 4.
e4 d6 5. f3 c6 6. Be3 a6 7.
Nge2 b5 8. cxb5 axb5 9. a3 Nbd7 10. Ng3 Nb6 11. d5 cxd5 12. Bxb5+ Bd7 13. Bxd7+ Qxd7 14. exd5 Nc4 15. Bd4 Nxb2 16. Qe2 Na4 17. O-O O-O 18.
Rfd1 Rfe8 19. Nce4 Nxe4 20. Nxe4 Bxd4+ 21. Rxd4 Rab8 22. Re1 Rb2 23. Nf6+ exf6 24. Qxe8+ Qxe8 25. Rxe8+ Kg7 26.
Rxa4 1-0

[Event "*** Titled Tuesday Blitz"]
[Site "Chess.com"]
[Date "2018.07.03"]
[Round "8"]
[White "Mikhail_Golubev"]
[Black "nurmiTV"]
[Result "1-0"]
[WhiteElo "2410"]
[BlackElo "2491"]
[TimeControl "180+2"]
[EndTime "14:41:07 PDT"]
[Termination "Mikhail_Golubev won by resignation"]

1. e4 c5 2. Nf3 e6 3. d4 cxd4 4.
Nxd4 a6 5. Bd3 Bc5 6. Be3 Qb6 7.
c3 Nc6 8. Nd2 d5 9. exd5 exd5 10. N2b3 Nxd4 11. Nxc5 Ne6 12. Nxe6 Qxe6 13. O-O Bd7 14.
Re1 Qc6 15. Bd4+ Kf8 16. c4 dxc4 17. Bxc4 Nf6 18. Rc1 Bg4 19. Qb3 Qd7 20. Bc5+ 1-0

[Event "*** Titled Tuesday Blitz"]
[Site "Chess.com"]
[Date "2018.07.03"]
[Round "8"]
[White "ENEASZ"]
[Black "GMKrikor"]
[Result "1-0"]
[WhiteElo "2522"]
[BlackElo "2607"]
[TimeControl "180+2"]
[EndTime "14:41:19 PDT"]
[Termination "ENEASZ won by resignation"]

1. e4 c5 2. c3 d5 3. exd5 Qxd5 4. d4 g6 5. Nf3 Bg7 6. Na3 cxd4 7. Bc4 Qe4+ 8. Be3 Nh6 9. cxd4 O-O 10. O-O Nc6 11. Nb5 Nf5 12. Re1 Nxe3 13. Rxe3 Qf4 14. g3 Qb8 15. d5 Na5 16. Be2 Bxb2 17. Rxe7 Bxa1 18. Qxa1 Bg4 19. Qf6 Bxf3 20. Bxf3 Qd8 21. Nc7 Rc8 22. Ne6 1-0

[Event "*** Titled Tuesday Blitz"]
[Site "Chess.com"]
[Date "2018.07.03"]
[Round "8"]
[White "colegiodemadrid"]
[Black "Saitama_Hero"]
[Result "1-0"]
[WhiteElo "2236"]
[BlackElo "2333"]
[TimeControl "180+2"]
[EndTime "14:41:21 PDT"]
[Termination "colegiodemadrid won on time"]

1. e4 c5 2. Nf3 e6 3. d4 cxd4 4.
Nxd4 Nf6 5. Nc3 d6 6. g4 h6 7. h4 Nc6 8. Rg1 d5 9. exd5 Nxd5 10.
Nxd5 Qxd5 11. Be3 Bd7 12. Bg2 Qa5+ 13. c3 Rd8 14. Qb3 e5 15. Nxc6 Bxc6 16. Bxc6+ bxc6 17. Rd1 Bd6 18. g5 hxg5 19. hxg5 O-O 20. g6 e4 21. Rg5 Qc7 22. Rf5 Qe7 23. Bg5 Qe6 24.
gxf7+ 1-0

[Event "*** Titled Tuesday Blitz"]
[Site "Chess.com"]
[Date "2018.07.03"]
[Round "8"]
[White "Fins0905"]
[Black "Zq1"]
[Result "0-1"]
[WhiteElo "2597"]
[BlackElo "2526"]
[TimeControl "180+2"]
[EndTime "14:41:29 PDT"]
[Termination "Zq1 won by checkmate"]

1. d4 Nf6 2. c4 a6 3. Nc3 c5 4. d5 b5 5. Nf3 b4 6. Nb1 g6 7. b3 Bg7 8. Bb2 O-O 9. Nbd2 a5 10. e4 a4 11. e5 Ng4 12. Rb1 axb3 13. axb3 d6 14. Ra1 Rxa1 15. Qxa1 Nd7 16. e6 Bxb2 17. exf7+ Rxf7 18. Qxb2 Nde5 19. h3 Nxf3+ 20. Nxf3 Rxf3 21. gxf3 Ne5 22. Be2 Qf8 23. h4 Nxf3+ 24. Kf1 Qf5 25. h5 Qh3+ 26. Rxh3 Bxh3# 0-1

[Event "*** Titled Tuesday Blitz"]
[Site "Chess.com"]
[Date "2018.07.03"]
[Round "8"]
[White "Mbneu"]
[Black "Gr3egor"]
[Result "1-0"]
[WhiteElo "2269"]
[BlackElo "2362"]
[TimeControl "180+2"]
[EndTime "14:41:42 PDT"]
[Termination "Mbneu won on time"]

1. d4 Nf6 2. c4 e6 3. Nc3 Bb4 4. Bg5 h6 5. Bh4 d5 6. Nf3 g5 7.
Bg3 dxc4 8. e3 b5 9. Be2 Ne4 10. Be5 f6 11. Qc2 Nxc3 12. bxc3 Bxc3+ 13. Qxc3 fxe5 14. Nxe5 Bb7 15. Bh5+ Ke7 16. Ng6+ Kd7 17. d5 Rg8 18. dxe6+ Kxe6 19. Qe5+ Kf7 20. Ne7+ 1-0

[Event "*** Titled Tuesday Blitz"]
[Site "Chess.com"]
[Date "2018.07.03"]
[Round "8"]
[White "Spring199"]
[Black "arctic_t00"]
[Result "0-1"]
[WhiteElo "2201"]
[BlackElo "2353"]
[TimeControl "180+2"]
[EndTime "14:41:53 PDT"]
[Termination "arctic_t00 won by checkmate"]

1. d4 Nf6 2. c4 g6 3. Nc3 Bg7 4. e4 d6 5. h3 O-O 6. Bg5 c5 7.
d5 b5 8. cxb5 a6 9. bxa6 Qa5 10.
Bd2 Bxa6 11. Nf3 Bxf1 12. Kxf1 Nbd7 13. g3 Rfb8 14. Qc2 Nb6 15. b3 Qa6+ 16. Kg2 Nfd7 17. a4 Ne5 18. Nxe5 Bxe5 19. Ra2 e6 20. dxe6 fxe6 21.
Nb5 Nd5 22. exd5 Rxb5 23. dxe6 Qb7+ 24. Kh2 Rxb3 25. Qc4 Qf3 26. Be3 Rxe3 27. e7+ d5 28. Qxc5 Bxg3+ 29. Kg1 Re1# 0-1

[Event "*** Titled Tuesday Blitz"]
[Site "Chess.com"]
[Date "2018.07.03"]
[Round "8"]
[White "Polish_fighter3000"]
[Black "Ravan_02"]
[Result "1-0"]
[WhiteElo "2750"]
[BlackElo "2470"]
[TimeControl "180+2"]
[EndTime "14:41:55 PDT"]
[Termination "Polish_fighter3000 won on time"]

1. Nf3 Nf6 2. c4 c6 3. Nc3 d5 4.
e3 e6 5. b3 Nbd7 6. Bb2 Bd6 7.
Qc2 Qe7 8. Be2 O-O 9. d4 a6 10. O-O b5 11. e4 b4 12. e5 bxc3 13. exd6 Qxd6 14. Qxc3 Ne4 15. Qa5 Re8 16. Rac1 Bb7 17. Ba3 Qb8 18. Rfe1 Ndf6 19. Ne5 dxc4 20. bxc4 c5 21.
Bxc5 Qc8 22. Ba3 Rd8 23. f3 Ng5 24. h4 Nh3+ 25. gxh3 Rxd4 26. Qc5 Qd8 27. Rcd1 Rxd1 28. Rxd1 Qe8 29. Qe7 Qa4 30. Qxf7+ Kh8 31. Bf8 1-0

[Event "*** Titled Tuesday Blitz"]
[Site "Chess.com"]
[Date "2018.07.03"]
[Round "8"]
[White "LuisFSiles"]
[Black "joejan"]
[Result "0-1"]
[WhiteElo "2205"]
[BlackElo "2249"]
[TimeControl "180+2"]
[EndTime "14:42:04 PDT"]
[Termination "joejan won by resignation"]

1. d4 Nf6 2. Bg5 c5 3. d5 Qb6 4. Nc3 Qxb2 5. Bd2 Qb6 6. e4 d6 7.
f4 Qc7 8. Nf3 Bg4 9. h3 Bxf3 10.
Qxf3 Nbd7 11. g4 g6 12. h4 h5 13. g5 Ng4 14. Bh3 Bg7 15. Bxg4 hxg4 16. Qxg4 O-O-O 17. Rb1 a6 18. a4 Rh5 19. Nd1 Rdh8 20. a5 c4 21. Be3 Qxa5+ 22. Bd2 Qc7 23. Be3 Kb8 24. Bf2 Nc5 25. Qf3 Qa5+ 26. Kf1 Qa2 27. Rb6 Qxc2 28.
Bxc5 dxc5 29. e5 Rxh4 30. Rxh4 Rxh4 31. Nf2 Qc1+ 32. Kg2 Qxf4 33. d6 Rh2+ 0-1

[Event "*** Titled Tuesday Blitz"]
[Site "Chess.com"]
[Date "2018.07.03"]
[Round "8"]
[White "SamCopeland"]
[Black "sergeikim"]
[Result "0-1"]
[WhiteElo "1971"]
[BlackElo "2404"]
[TimeControl "180+2"]
[EndTime "14:42:08 PDT"]
[Termination "sergeikim won by resignation"]

1. e4 e5 2. Nf3 Nc6 3. Bc4 Bc5 4. b4 Bxb4 5. c3 Ba5 6. d4 d6 7.
dxe5 dxe5 8. Qxd8+ Nxd8 9. Nxe5 Nf6 10. Bg5 Be6 11. f3 Nd7 12. Bxe6 Nxe6 13. Nxd7 Nxg5 14. Nc5 O-O-O 15. h4 Bb6 16. Na4 Ne6 17. Nxb6+ axb6 18. Nd2 Rd3 19. Rc1 Rhd8 20. Rc2 Nf4 21. g3 Re3+ 22. Kf2 Re2+ 23. Kf1 Rdxd2 24. Rxd2 Rxd2 25. gxf4 Rxa2 26. Rh3 Rc2 27. Rg3 g6 28. h5 Rxc3 29.
hxg6 hxg6 30. Ke2 b5 31. Rh3 b4 32. Rh7 b3 33. Rxf7 b2 0-1

[Event "*** Titled Tuesday Blitz"]
[Site "Chess.com"]
[Date "2018.07.03"]
[Round "8"]
[White "Parhamov"]
[Black "Swarnapuri"]
[Result "1-0"]
[WhiteElo "2768"]
[BlackElo "2587"]
[TimeControl "180+2"]
[EndTime "14:42:12 PDT"]
[Termination "Parhamov won by resignation"]

1. f4 Nc6 2. Nf3 g6 3. e4 Bg7 4. d4 d6 5. Be3 Nf6 6. Nbd2 O-O 7. c3 e5 8. fxe5 dxe5 9. d5 Ne7 10. c4 Ng4 11.
Bg1 f5 12. Bd3 fxe4 13. Nxe4 Nf5 14. Qe2 Nd4 15. Bxd4 exd4 16. O-O-O Bf5 17. Nc5 Ne3 18. Bxf5 Rxf5 19. Ne6 Qf6 20. Nfxd4 Nxd1 21. Nxf5 Qxf5 22. Nxg7 Qf4+ 23. Kxd1 Kxg7 24. Rf1 Qd4+ 25. Kc2 b5 26. b3 bxc4 27. Qxc4 Qe5 28. Qc3 Re8 29. Qxe5+ Rxe5 30. Rd1 Kf7 31. Kc3 Ke7 32. Rd2 Kd6 33. Kc4 a6 34. Kb4 Rh5 35. h3 Rxd5 36. Rxd5+ Kxd5 37. Ka5 Kc5 38. Kxa6 Kb4 39. Kb7 c5 40. Kc6 c4 41.
bxc4 Kxc4 42. Kd6 1-0

[Event "*** Titled Tuesday Blitz"]
[Site "Chess.com"]
[Date "2018.07.03"]
[Round "8"]
[White "Superfelix"]
[Black "GM_Huschenbeth"]
[Result "0-1"]
[WhiteElo "2375"]
[BlackElo "2515"]
[TimeControl "180+2"]
[EndTime "14:42:13 PDT"]
[Termination "GM_Huschenbeth won by resignation"]

1. e4 c5 2. Nc3 d6 3. d4 cxd4 4. Qxd4 Nc6 5. Qd2 g6 6. b3 Bg7 7. Bb2 a5 8. a4 Nf6 9. O-O-O O-O 10. f3 Nb4 11. Kb1 Be6 12. g4 Rc8 13. h4 Qc7 14.
Nge2 b5 15. Nxb5 Qxc2+ 16. Qxc2 Nxc2 17. Ned4 Ne3 18. Rd3 Nxf1 19. Nxe6 fxe6 20. Rxf1 Nxe4 21. Bxg7 Kxg7 22. Re1 Rxf3 23. Rxf3 Nd2+ 24. Kb2 Nxf3 25. Rxe6 Ne5 26. g5 Kf8 27. h5 Rc5 28. hxg6 hxg6 29. Nxd6 exd6 30. Rxd6 Kf7 31. Rf6+ Kg7 32. Re6 Nd3+ 33.
Ka3 Rxg5 0-1

[Event "*** Titled Tuesday Blitz"]
[Site "Chess.com"]
[Date "2018.07.03"]
[Round "8"]
[White "mukhin1"]
[Black "Shant_Sargsyan"]
[Result "1-0"]
[WhiteElo "2942"]
[BlackElo "2898"]
[TimeControl "180+2"]
[EndTime "14:42:34 PDT"]
[Termination "mukhin1 won on time"]

1. e4 e5 2. Nf3 Nc6 3. d4 exd4 4. Nxd4 Bc5 5. Be3 Qf6 6. c3 Nge7 7. Bc4 Qg6 8. Nxc6 Qxc6 9. Bxf7+ Kxf7 10. Qh5+ g6 11.
Qxc5 Qxe4 12. O-O Qc6 13. Qg5 Nf5 14. Nd2 Re8 15. Nf3 Qf6 16. Qg4 d5 17. Bg5 Qd6 18.
Rfe1 h5 19. Qf4 Bd7 20. Qd2 Rxe1+ 21. Rxe1 Re8 22. Bf4 Rxe1+ 23. Nxe1 Qc5 24. Nd3 Qb5 25. Ne5+ Kg7 26. h3 Be6 27. g4 hxg4 28. hxg4 Nd6 29.
Bh6+ Kg8 30. Qf4 1-0

[Event "*** Titled Tuesday Blitz"]
[Site "Chess.com"]
[Date "2018.07.03"]
[Round "8"]
[White "GMMatamoros"]
[Black "Bauxi435"]
[Result "1-0"]
[WhiteElo "2510"]
[BlackElo "2420"]
[TimeControl "180+2"]
[EndTime "14:42:42 PDT"]
[Termination "GMMatamoros won by resignation"]

1. Nf3 c5 2. c4 Nf6 3. Nc3 d5 4. cxd5 Nxd5 5. e3 Nc6 6. Bb5 e6 7. O-O Be7 8. d4 O-O 9. Re1 cxd4 10. exd4 Nxc3 11. bxc3 Bf6 12. Bd3 Ne7 13. h4 Nd5 14. Ng5 Bxg5 15. hxg5 b6 16. c4 Nb4 17. Be4 Rb8 18. Rb1 Nxa2 19. Bxh7+ Kxh7 20. Qh5+ Kg8 21.
Rb3 e5 22. Ree3 Re8 23. Rh3 Bxh3 24. Rxh3 Kf8 25. Ba3+ 1-0

[Event "*** Titled Tuesday Blitz"]
[Site "Chess.com"]
[Date "2018.07.03"]
[Round "8"]
[White "Zaven_ChessMood"]
[Black "pultineviciuspaulius"]
[Result "1-0"]
[WhiteElo "2868"]
[BlackElo "2624"]
[TimeControl "180+2"]
[EndTime "14:42:48 PDT"]
[Termination "Zaven_ChessMood won on time"]

1. e4 c6 2. d3 d5 3. Nd2 g6 4.
Ngf3 Bg7 5. g3 e5 6. Bg2 Ne7 7. O-O O-O 8. Re1 Re8 9. exd5 Nxd5 10. Nc4 Qc7 11. Ncxe5 Rxe5 12. Nxe5 Bxe5 13. d4 Bf6 14. Re8+ Kg7 15. Qd2 g5 16. h4 h6 17. hxg5 hxg5 18. Qe2 Bd7 19. Re4 Bf5 20. Re8 Bd7 21. Re5 Bxe5 22. dxe5 Bf5 23. Bxg5 Nd7 24. c4 N5b6 25. Bf4 Re8 26. Qh5 Bg6 27. Qh6+ Kg8 28. e6 Ne5 29. exf7+ Qxf7 30. b3 Nd3 31. Be3 Nd7 32.
Bd4 N7e5 33. f4 c5 34. Bxe5 Nxe5 35. Bd5 Nf3+ 36. Kf2 Re6 37. Rh1 Nh2 38. Rxh2 1-0

[Event "*** Titled Tuesday Blitz"]
[Site "Chess.com"]
[Date "2018.07.03"]
[Round "8"]
[White "abubakrtagelsir"]
[Black "stolencandy13"]
[Result "0-1"]
[WhiteElo "2439"]
[BlackElo "2333"]
[TimeControl "180+2"]
[EndTime "14:42:50 PDT"]
[Termination "stolencandy13 won by resignation"]

1. e4 c6 2. d4 d5 3. Nc3 dxe4 4. Nxe4 Bf5 5. Ng3 Bg6 6. h4 h6 7. h5 Bh7 8. Nf3 Nd7 9. Bd3 Bxd3 10. Qxd3 e6 11. Bf4 Qa5+ 12. Bd2 Bb4 13. c3 Be7 14. c4 Qc7 15. O-O-O Ngf6 16. Ne4 b5 17. cxb5 cxb5+ 18. Kb1 Qb7 19. Nxf6+ Nxf6 20. Ne5 Qe4 21. f3 Qxd3+ 22.
Nxd3 O-O 23. g4 Rfd8 24. Be3 Nd5 25. Bc1 Bf6 26. Ne5 Rac8 27. f4 Bxe5 28. dxe5 Ne7 29. Be3 a6 30. Bb6 Rxd1+ 31. Rxd1 Nd5 32. Ba5 Rc4 33. f5 Rxg4 34. fxe6 fxe6 35. Rc1 Rc4 36. Rf1 Re4 37. Rc1 Rxe5 38. Rc6 Rxh5 39. Rxe6 b4 40.
Rxa6 Ne3 41. Kc1 Rc5+ 42. Kd2 Nc4+ 43. Kd3 Rxa5 44. Rxa5 Nxa5 45. Kd4 g5 46. Ke5 Kg7 47. Kf5 Kf7 0-1

[Event "*** Titled Tuesday Blitz"]
[Site "Chess.com"]
[Date "2018.07.03"]
[Round "8"]
[White "canwedoit"]
[Black "Bad4life"]
[Result "0-1"]
[WhiteElo "2501"]
[BlackElo "2433"]
[TimeControl "180+2"]
[EndTime "14:42:53 PDT"]
[Termination "Bad4life won by resignation"]

1. e4 d6 2. d4 Nf6 3. Nc3 g6 4. f4 Bg7 5. Nf3 O-O 6. Be2 Na6 7.
O-O Rb8 8. e5 Nd7 9. Ne4 c5 10.
c3 d5 11. Neg5 cxd4 12. e6 fxe6 13. Nxe6 Qb6 14. Nxg7 dxc3+ 15. Kh1 cxb2 16. Qxd5+ Kxg7 17. Bxb2+ Qxb2 18. Nd4 Nf6 19. Qe5 Qb6 20. Bc4 Qd6 21. Qe3 Nc7 22. f5 b5 23. Bd3 Ncd5 24. Qg5 Ne3 25.
fxg6 Qxd4 26. gxh7+ Kh8 27. Rfd1 Nxd1 28. Rxd1 Qg4 29.
Qd2 Bb7 30. Rf1 Rbd8 31. Rf2 Qg7 32. Qe3 Ng4 33. Rxf8+ Rxf8 34. Qe6 Qa1+ 0-1

[Event "*** Titled Tuesday Blitz"]
[Site "Chess.com"]
[Date "2018.07.03"]
[Round "8"]
[White "nitpicker"]
[Black "Grebeniuk-S"]
[Result "0-1"]
[WhiteElo "2104"]
[BlackElo "2451"]
[TimeControl "180+2"]
[EndTime "14:42:56 PDT"]
[Termination "Grebeniuk-S won on time"]

1. d4 f5 2. c4 Nf6 3. Nf3 d6 4. b3 g6 5. Nc3 Bg7 6. g3 O-O 7. Bg2 c6 8. O-O a5 9. Bb2 Qc7 10. Rc1 Na6 11. d5 Nc5 12. Nd4 Bd7 13. a3 e5 14. dxe6 Nxe6 15. Nxe6 Bxe6 16. Nd5 Bxd5 17.
cxd5 c5 18. Qd3 Qd7 19. a4 Rfe8 20. e3 Ng4 21. Bxg7 Qxg7 22. Rfd1 Ra6 23. Qb5 Kf8 24.
Bf1 Ne5 25. Qe2 Rb6 26. Qc2 Rb4 27. Bb5 Re7 28. Kg2 Ng4 29. h3 Nf6 30. Bc4 h5 31. Kh2 Ne4 32. Rg1 Qe5 33. Kh1 Rh7 34.
Rce1 Qc3 35. Qxc3 Nxc3 36. f3 Nxa4 37. Ra1 Nb6 38. Rxa5 Nxc4 39. bxc4 Rxc4 0-1